 Dungeon Crawl Stone Soup version 0.20.1-1-g8b1a95d (webtiles) character file.

57 VanVeen the Magician (level 4, -5/27 HPs)
             Began as an Octopode Wizard on Aug 17, 2017.
             Killed by nerve-wracking pain
             ... invoked by Menkaure
              (14 damage)
             ... on level 5 of the Dungeon.
             The game lasted 00:03:45 (2090 turns).

VanVeen the Magician (Octopode Wizard)              Turns: 2090, Time: 00:03:46

Health: -5/27      AC:  2    Str:  6    XL:     4   Next: 0%
Magic:  3/10       EV: 13    Int: 21    God:
Gold:   127        SH:  0    Dex: 10    Spells: 3/11 levels left

rFire    . . .     SeeInvis .   (no weapon)
rCold    + . .     Gourm    +   (no shield)
rNeg     . . .     Faith    .   a - +1 hat
rPois    .         Spirit   .   d - amulet of the gourmand
rElec    .         Reflect  .   p - ring of wizardry
rCorr    .         Harm     .   i - ring of protection from cold
MR       .....                  (no ring)
Stlth    +++.......             (no ring)
Regen    0.1/turn               (no ring)
MPRegen  0.2/turn               (no ring)
                                (no ring)
                                (no ring)

@: very slightly contaminated
A: almost no armour, stealthy swim, amphibious, 8 rings, constrict 8, camouflage
1, gelatinous body 1
a: no special abilities


You were on level 5 of the Dungeon.
You were completely stuffed.

You visited 1 branch of the dungeon, and saw 4 of its levels.

You collected 127 gold pieces.

Inventory:

Armour
 a - a +1 hat (worn)
Jewellery
 d - an amulet of the gourmand (around mantle)
 i - a ring of protection from cold (right tentacle)
 p - a ring of wizardry (left tentacle)
Scrolls
 e - 2 scrolls of remove curse
Potions
 g - a potion of heal wounds
 h - 3 potions of curing
 m - a potion of brilliance
 o - 2 potions of mutation
 q - a potion of cancellation
 s - a potion of flight {unknown}
Books
 b - a book of Minor Magic

   Spells                             Type                      Level
   a - Magic Dart                     Conjuration                  1
   b - Blink                          Translocation                2
   c - Call Imp                       Summoning                    2
   d - Slow                           Hexes                        2
   e - Conjure Flame                  Conjuration/Fire             3
   f - Mephitic Cloud                 Conjuration/Poison/Air       3
Comestibles
 c - 2 bread rations
 f - 3 meat rations
 l - a royal jelly


   Skills:
 - Level 2.0 Dodging
 - Level 2.6 Stealth
 * Level 4.0 Spellcasting
 + Level 1.8 Conjurations
 - Level 1.0 Summonings
 - Level 1.0 Translocations
 * Level 1.2 Fire Magic


You had 3 spell levels left.
You knew the following spells:

 Your Spells              Type           Power        Failure   Level  Hunger
c - Conjure Flame         Conj/Fire      ##......     8%          3    ###....
l - Blink                 Tloc           N/A          4%          2    #......
q - Magic Dart            Conj           ##..         2%          1    None
s - Call Imp              Summ           #.......     4%          2    #......


Dungeon Overview and Level Annotations

Branches:
Dungeon (3/15)

Altars:
Fedhas
Nemelex Xobeh
Xom

Annotations:
D:5 Menkaure


Innate Abilities, Weirdness & Mutations

You cannot wear most types of armour.
You are very stealthy in the water. (Stealth+)
You are amphibious.
You can wear up to eight rings at the same time.
You can use your tentacles to constrict eight enemies at once.
Your skin changes colour to match your surroundings (Stealth+).
Your rubbery body absorbs attacks. (AC +1, EV +1)


Message History

Orders for allies: a - Attack new target. p - Attack previous target. r - Retreat! s - Stop attacking. g - Guard the area. f - Follow me.
Anything else - Cancel.
Gang up on whom?
Press: ? - help, Dir - move target cursor, f/p - Menkaure
Aim: Menkaure (moderately damaged, fast) Attack!
Menkaure hits your crimson imp!!
Your crimson imp dies!
Menkaure calls on the powers of darkness!
Your body is wracked with pain!
Casting: Call Imp
Confirm with . or Enter, or press ? or * to list all spells.
You miscast Call Imp.
You are very lightly contaminated with residual magic.
You hear strange voices.
Menkaure gestures at you while chanting.
Pain shoots through your body!
Ouch! That really hurt!
You die...

###################
#....M.@..........#
#.###############.#
# #.# #####.#
##########M##
####.....#
##..........#
#........#
##..........##
#........#
................
#........#
............(....
#........#
.................
..######+#


You could see Menkaure.

Vanquished Creatures
  An adder (D:3)
  2 dart slugs
  10 bats
  4 giant cockroaches
  5 goblins
  4 hobgoblins
  6 kobolds
  2 quokkas (D:2)
  4 frilled lizards
  6 rats
44 creatures vanquished.

Notes
Turn   | Place    | Note
-------+----------+-------------------------------------------
     0 | D:1      | VanVeen the Octopode Wizard began the quest for the Orb.
     0 | D:1      | Reached XP level 1. HP: 11/11 MP: 4/4
   628 | D:1      | Reached XP level 2. HP: 17/17 MP: 4/6
   632 | D:1      | Learned a level 2 spell: Call Imp
   635 | D:1      | Learned a level 2 spell: Blink
   974 | D:1      | Reached XP level 3. HP: 21/21 MP: 1/8
  1287 | D:2      | Learned a level 3 spell: Conjure Flame
  1458 | D:2      | Found a sparkling altar of Nemelex Xobeh.
  1628 | D:2      | Reached skill level 1 in Fire Magic
  1752 | D:2      | Found a basalt altar of Yredelemnul.
  1758 | D:2      | Found a blossoming altar of Fedhas.
  1758 | D:2      | Found an opulent altar of Gozag.
  1760 | D:2      | Found a shimmering altar of Xom.
  1760 | D:2      | Found a radiant altar of Vehumet.
  1760 | D:2      | Found a deep blue altar of Sif Muna.
  1965 | D:3      | Reached skill level 4 in Spellcasting
  1965 | D:3      | Reached XP level 4. HP: 20/27 MP: 6/10
  2020 | D:3      | You fall through a shaft for 2 floors!
  2020 | D:5      | Entered Level 5 of the Dungeon
  2056 | D:5      | Noticed Menkaure
  2090 | D:5      | Killed from afar by Menkaure

Skill      XL: |  1  2  3 |
---------------+----------+-----
Fire Magic     | 1 |  1.2
Spellcasting   | 4 |  4.0
Dodging        | |  2.0
Stealth        | |  2.6
Conjurations   | |  1.8
Summonings     | |  1.0
Translocations | |  1.0

Action                   |  1- 3 |  4- 6 || total
-------------------------+-------+-------++-------
Melee: Unarmed           |    42 |       ||    42
       Constrict         |     8 |       ||     8
       Tentacles         |     6 |       ||     6
 Cast: Magic Dart        |    80 |     3 ||    83
       Conjure Flame     |       |     1 ||     1
       Call Imp          |       |     1 ||     1
  Use: Scroll            |    11 |       ||    11
       Potion            |       |     1 ||     1
  Eat: Chunk             |    11 |     1 ||    12
Armor: Skin              |     8 |       ||     8
Dodge: Dodged            |    50 |       ||    50
